 Dungeon Crawl Stone Soup version 0.25-a0-549-g6e6e6501ad (webtiles) character file.

Game seed: 15958465795823036606, levelgen mode: deterministic

37 Forecaster the Magician (level 3, -5/28 HPs)
             Began as a Naga Wizard on Feb 23, 2020.
             Slain by a goblin
             ... wielding a +0 spear
              (7 damage)
             ... on level 2 of the Dungeon.
             The game lasted 00:07:33 (1199 turns).

Forecaster the Magician (Naga Wizard)               Turns: 1199, Time: 00:07:34

Health: -5/28      AC:  2    Str:  9    XL:     3   Next: 41%
Magic:  0/8        EV: 10    Int: 18    God:
Gold:   15         SH:  0    Dex: 16    Spells: 4/9 levels left

rFire    . . .     SeeInvis +   o - +0 dagger
rCold    . . .     Gourm    .   (no shield)
rNeg     . . .     Faith    .   a - +0 robe
rPois    +         Spirit   .   b - +0 hat
rElec    .         Reflect  .   (no cloak)
rCorr    .         Harm     .   (no gloves)
MR       .....                  (no barding)
Stlth    ++........             (no amulet)
HPRegen  0.09/turn              j - +6 ring of dexterity
MPRegen  0.11/turn              (no ring)

@: lethally poisoned (-5 -> -10), very slow
A: large, see invisible, deformed body, poison resistance, slowness 2, slow
metabolism 1, spit poison 1, AC +1
a: Spit Poison


You were on level 2 of the Dungeon.
You were hungry.

You visited 1 branch of the dungeon, and saw 2 of its levels.

You collected 15 gold pieces.

Inventory:

Hand Weapons
 e - a +0 club
 o - a +0 dagger (weapon)
 r - a +0 hunting sling
Missiles
 i - 14 poisoned darts (quivered)
 l - 37 arrows
 n - 32 stones
Armour
 a - a +0 robe (worn)
 b - a +0 hat (worn)
Jewellery
 j - a +6 ring of dexterity (left hand)
Scrolls
 c - 2 scrolls of identify {unknown}
 g - 2 scrolls of amnesia {unknown}
 h - 2 scrolls of magic mapping {unknown}
 k - a scroll of fear {unknown}
 p - a scroll of enchant armour {unknown}
Potions
 q - a potion of ambrosia {unknown}
Comestibles
 d - 5 rations


   Skills:
 + Level 0.1 Fighting
 + Level 1.7 Dodging
 + Level 3.1 Stealth
 + Level 3.8 Spellcasting
 + Level 1.4 Conjurations
 + Level 1.1 Summonings
 + Level 1.0 Translocations


You had 4 spell levels left.
You knew the following spells:

 Your Spells              Type           Power        Failure   Level  Hunger
a - Magic Dart            Conj           #...         9%          1    None
b - Call Imp              Summ           #.......     14%         2    ##.....
c - Blink                 Tloc           N/A          16%         2    ##.....

Your spell library contained the following spells:

 Spells                   Type           Power        Failure   Level  Hunger
 Slow                     Hex            #.......     22%         2    ##.....
 Conjure Flame            Conj/Fire      #.......     32%         3    ###....
 Mephitic Cloud           Conj/Pois/Air  #.......     36%         3    ###....


Dungeon Overview and Level Annotations

Branches:
Dungeon (2/15)

Altars:


Innate Abilities, Weirdness & Mutations

You cannot wear boots.
Your serpentine skin is tough. (AC +1)
You have supernaturally acute eyesight. (SInv)
Armour fits poorly on your strangely shaped body.
Your system is resistant to poisons. (rPois)
You cover ground very slowly.
You have a slow metabolism.
You can spit poison.


Message History

Confirm with . or Enter, or press ? or * to list all spells.
Aiming: Magic Dart (safe; 9% risk of failure)
Press: ? - help, Shift-Dir - straight line, f - goblin
Aim: a goblin, wielding a +0 club The magic dart hits the goblin.
The goblin is heavily wounded.
You feel sick.
Your crimson imp disappears in a puff of smoke!
The adder bites you.
* * * LOW HITPOINT WARNING * * *
The adder barely misses you. The goblin barely misses you.
The goblin closely misses you. The adder barely misses you.
The adder closely misses you.
You closely miss the goblin.
The goblin is heavily wounded.
* * * LOW HITPOINT WARNING * * *
You feel sick. The adder closely misses you. The adder bites you.
* * * LOW HITPOINT WARNING * * *
The goblin hits you from afar with a +0 spear!
You die...

...........# #.#
#.......## #.#
#....†..# #.# ##......#
#.# ........§§### #.#
......<.....# #.#
[........g..# #.#
(.##..?..SS.# #.# .
#.....@g.# #.#
#...###### #.# #.....#
#.# #.....#### #.#
#.##........#########.#
...........'.........#
####.>.....###########
#..........#
#..........#


You could see 2 adders and 2 goblins.

Vanquished Creatures
  2 dart slugs (D:1)
  2 leopard geckos (D:1)
  2 goblins (D:1)
  5 hobgoblins (D:1)
  5 kobolds (D:1)
  2 ball pythons (D:1)
  5 bats
  A frilled lizard (D:1)
  2 rats
26 creatures vanquished.

Vanquished Creatures (collateral kills)
  A worm (D:2)
  A goblin (D:1)
  2 hobgoblins
4 creatures vanquished.

Grand Total: 30 creatures vanquished

Notes
Turn   | Place    | Note
-------+----------+-------------------------------------------
     0 | D:1      | Forecaster the Naga Wizard began the quest for the Orb.
     0 | D:1      | Reached XP level 1. HP: 15/15 MP: 4/4
   145 | D:1      | Reached XP level 2. HP: 7/22 MP: 1/6
   149 | D:1      | Learned a level 2 spell: Call Imp
   152 | D:1      | Learned a level 2 spell: Blink
   670 | D:1      | Reached XP level 3. HP: 27/28 MP: 1/8
  1199 | D:2      | Slain by a goblin

Levels and vault maps discovered:
D:1:      matt_arrival_refuge, layout_basic
D:2:      layout_basic, minmay_pentomino_q4

Action                   || total
-------------------------++-------
Melee: Unarmed           ||     4
       Club              ||    14
       Dagger            ||    16
 Cast: Magic Dart        ||    56
       Call Imp          ||     7
       Blink             ||     2
  Use: Potion            ||     1
Armor: Robe              ||    13
Dodge: Dodged            ||    38

Table legend:
 A = Non-vault XP
 B = Vault XP
 C = Vault XP percentage of total XP
 D = Non-vault monster count
 E = Vault monster count
 F = Vault count percentage of total count
                 A         B        C        D         E       F
            +---------+---------+-------+---------+---------+-------
      Total |      54 |       0 |   0.0 |      30 |       0 |   0.0
            +---------+---------+-------+---------+---------+-------
        D:1 |      48 |       0 |   0.0 |      26 |       0 |   0.0
        D:2 |       6 |       0 |   0.0 |       4 |       0 |   0.0
            +---------+---------+-------+---------+---------+-------
